Map: Odyssey LE

Players

quik - Winner!

  • Race: Zerg Zerg
  • League: Silver
  • Spawn Location: 11:00

DRUG

  • Race: Terran Terran
  • Spawn Location: 5:00

VOD

Have the link to the VOD?

Description

Time

  • Played on: Nov. 10, 2017, 12:26 p.m.
  • Length: 10:40
Show
View Real Time Build Order
Export as new Build Order

quik Zerg - Winner!

Build Orders: Hatch First, Muta Ling Bane 

Get SALT Encoding   

  12  0:00  Drone  
  13  0:13  Drone  
  14  0:16  Overlord  
  14  0:34  Drone  
  14  0:35  Drone  
  16  0:36  Drone  
  17  0:54  Hatchery  
  16  0:59  Drone  
  16  1:03  Drone  
  16  1:04  Extractor  
  17  1:17  Spawning Pool  
  16  1:19  Drone  
  16  1:23  Drone  
  18  1:29  Drone  
  19  1:39  Overlord  
  19  1:50  Drone  
  20  2:03  Queen  
  20  2:05  Metabolic Boost  
  20  2:07  Zergling x2  
  20  2:08  Zergling x2  
  24  2:12  Queen  
  26  2:16  Drone  
  26  2:19  Drone  
  28  2:24  Drone  
  29  2:35  Drone  
  29  2:36  Overlord  
  30  2:39  Drone  
  31  2:46  Drone  
  32  2:51  Overlord  
  32  2:57  Pneumatized Carapace  
  33  2:58  Drone  
  33  3:18  Drone x5  
  33  3:19  Overlord  
  38  3:29  Baneling Nest  
  38  3:30  Drone x4  
  38  3:32  Drone  
  42  3:35  Drone  
  43  3:46  Drone  
  43  3:47  Drone  
  45  3:52  Extractor  
  44  3:55  Queen, Hatchery  
  44  3:59  Extractor  
  44  4:00  Drone x3  
  44  4:01  Drone x2  
  49  4:04  Overlord  
  49  4:16  Drone x4  
  53  4:26  Drone x4  
  53  4:27  Evolution Chamber  
  53  4:28  Evolution Chamber  
  53  4:29  Drone  
  53  4:30  Drone  
  57  4:31  Overlord  
  57  4:52  Drone  
  57  4:53  Drone x4  
  61  5:01  Zerg Melee Weapons Level 1  
  61  5:09  Zergling x10  
  61  5:10  Zergling x2  
  67  5:19  Drone x2  
  69  5:26  Lair  
  69  5:32  Zergling x8  
  69  5:33  Zergling x2  
  74  5:36  Baneling  
  74  5:38  Baneling  
  74  5:39  Baneling x5  
  74  5:40  Baneling x6  
  74  5:41  Baneling  
  74  5:47  Overlord x3  
  74  5:54  Drone x3  
  74  5:55  Drone  
  78  6:09  Zerg Ground Armor Level 1  
  78  6:33  Extractor  
  78  6:34  Extractor  
  65  7:00  Centrifical Hooks  
  64  7:07  Spire  
  63  7:08  Zerg Melee Weapons Level 2  
  63  7:11  Zergling x10  
  63  7:12  Zergling x22  
  79  7:31  Hatchery  
  79  7:33  Extractor, Zergling x6  
  79  7:34  Zergling x2  
  81  7:38  Baneling x4  
  81  7:39  Baneling x6  
  81  7:46  Zergling x10  
  81  7:47  Zergling x4  
  88  7:52  Hatchery  
  87  8:00  Zergling x6  
  90  8:08  Zergling x2  
  90  8:09  Zergling x2  
  90  8:10  Infestation Pit  
  91  8:13  Queen x2  
  91  8:17  Zergling x20  
  105  8:20  Overlord x8  
  105  8:21  Overlord x8  
  105  8:45  Baneling x5  
  105  9:06  Mutalisk  
  105  9:07  Mutalisk x10  
  105  9:08  Mutalisk  
  129  9:15  Drone x11  
  129  9:16  Drone x3  
  131  9:37  Mutalisk  
  131  9:38  Mutalisk x3  
  125  9:56  Mutalisk x2  
  129  10:00  Zergling x24  
  129  10:01  Zergling x8  
  143  10:20  Zergling x4  
  143  10:22  Zergling x10  
Show
View Real Time Build Order
Export as new Build Order

DRUG Terran 

Build Orders:  

Get SALT Encoding   

  12  0:14  Refinery  
  12  0:18  Refinery  
  12  0:35  SCV  
  13  0:48  SCV  
  14  1:00  SCV  
  15  1:11  Supply Depot  
  15  1:24  Supply Depot  
  15  1:33  SCV  
  15  1:36  Engineering Bay  
  16  1:45  SCV  
  16  1:46  Barracks  
  17  1:56  Supply Depot  
  17  1:57  SCV  
  18  2:09  SCV  
  19  2:18  Sensor Tower  
  19  2:21  SCV  
  20  2:33  SCV  
  21  2:42  Barracks Tech Lab  
  21  2:46  SCV  
  21  2:49  Barracks  
  22  2:58  SCV  
  23  3:09  Command Center, Marine  
  24  3:27  Marine  
  25  3:42  Terran Infantry Weapons Level 1  
  25  3:45  Marine  
  26  4:03  Marine  
  26  4:08  Bunker  
  27  4:21  Reaper  
  28  4:32  Missile Turret  
  28  4:53  Reaper  
  29  5:06  Bunker  
  29  6:01  SCV  
  30  6:13  SCV, Marine  
  32  6:25  SCV  
  32  6:31  Marine  
  34  6:37  SCV  
  30  6:49  Marine  
  30  6:50  SCV  
  30  7:05  Bunker  
  30  7:07  Marine  
  31  7:10  Bunker  
  31  7:18  Factory  
  31  7:22  Refinery  
  31  7:24  Marine  
  31  7:27  Refinery  
  32  7:33  Ghost Academy  
  32  7:43  Marauder, Barracks Reactor  
  34  8:04  Marauder  
  36  8:18  SCV  
  37  8:26  Marauder  
  40  8:36  Planetary Fortress  
  39  8:42  Marine x2  
  39  8:47  Marauder  
  43  8:59  Marine  
  43  9:00  Marine  
  45  9:07  Ghost  
  47  9:12  Factory Tech Lab  
  47  9:17  Marine x2  
  42  9:35  Marine x2  
  42  9:36  Ghost  
  24  9:53  Marine x2  
Tags
 
Composition
Muta Ling Bane
League
Silver
Matchup
TvZ
Replay Pack
asfd
Spawn Locations
Cross Positions
Add a new tag
Caveats
  • Supply blocks, unpowered buildings, or Contaminate may cause inaccurate times.
  • Supply counts are checked every 10 seconds.